Little Stars vs Punishers
(R1)
Created - January 29, 2025 at 19:02
Goals
|
| Little Stars |
2 |
1 |
2 |
0 |
5 |
| Punishers |
2 |
1 |
2 |
1 |
6 |
|
Shots
|
| Little Stars |
14 |
5 |
7 |
1 |
27 |
| Punishers |
13 |
11 |
11 |
1 |
36 |
|
1st period
1. Little Stars , Cal Burke 6 (Jonathan Dahlen 14, Filip Chytil 11) at 0:30
2. Punishers , Oskar Lindblom 19 (Karson Kuhlman 24, Kurtis Gabriel 16) at 11:02
3. Punishers , Karson Kuhlman 16 (Oskar Lindblom 21, Niko Mikkola 19) at 15:46
4. Little Stars , Lawrence Pilut 1 (Radel Fazleev 7, Connor Mackey 6) at 19:05
Penalties :
Reece Willcox (Tex) for Hooking (Minor) at 1:37, Braden Tracey (Pro) for Boarding (Minor) at 13:31, Oskar Lindblom (Pro) for Roughing (Minor) at 16:29
2nd period
5. Little Stars , Matt Luff 18 (Shane Gersich 28) at 3:02
6. Punishers , Oskar Lindblom 20 (Kurtis Gabriel 17, Nicolas Beaudin 19) at 15:21
Penalties :
Tucker Poolman (Tex) for Hooking (Minor) at 4:47, Lawrence Pilut (Tex) for Unsportsmanlike conduct (Minor) at 10:57, Jonathan Dahlen (Tex) for High sticking (Minor) at 16:58
3rd period
7. Punishers , Oskar Lindblom 21 (Karson Kuhlman 25, Kurtis Gabriel 18) at 0:51
8. Little Stars , Shane Gersich 28 (Ville Pokka 12) at 1:50 (SH)
9. Punishers , Joel Kiviranta 10 (Carson Meyer 18, Nicolas Beaudin 20) at 11:12
10. Little Stars , Jonathan Dahlen 13 (Filip Chytil 12, Samuel Girard 29) at 11:46
Penalties :
Samuel Girard (Tex) for Tripping (Minor) at 1:36, Nicolas Beaudin (Pro) for Slashing (Minor) at 2:57, Jason Dickinson (Tex) for High sticking (Minor) at 6:44, Ben Betker (Pro) for Attempt to injure (Major / Game Misconduct) at 12:08
Overtime #1
11. Punishers , Kole Lind 15 (Noah Juulsen 4, Carson Meyer 19) at 1:34
Penalties :
No Penalty
Goalie Stats
Ilya Konovalov (Tex), 30 saves from 36 shots - (0.833), OTL, 2-6-1, 61:34 minutes
Cal Petersen (Pro), 22 saves from 27 shots - (0.815), W, 3-4-0, 61:34 minutes
Players Stats for Little Stars
Player Name G A P +/- PIM S H SB GA TA FO MP PP MP PK MP
------------------------------------------------------------------------------------
Aidan Mcdonough 0 0 0 1 0 1 0 0 1 0 0/0 6:25 0:10 0:00
Cal Burke 1 0 1 1 0 1 0 0 0 0 0/0 7:18 0:18 0:00
Connor Mackey 0 1 1 1 0 0 0 1 0 0 0/0 10:52 0:45 1:53
Daniel O'regan 0 0 0 0 0 4 2 0 1 0 20/45 25:04 4:34 6:32
Emile Poirier 0 0 0 -3 0 2 3 0 0 0 0/0 20:04 4:28 4:33
Filip Chytil 0 2 2 1 0 0 1 0 0 0 2/4 11:02 1:14 2:14
Jason Dickinson 0 0 0 -3 2 5 1 1 0 0 2/8 17:56 4:27 2:16
Joey Anderson 0 0 0 1 0 0 0 0 0 0 0/0 8:32 1:07 0:00
Jonathan Dahlen 1 1 2 1 2 4 1 0 0 1 0/0 10:17 1:07 0:39
Justin Auger 0 0 0 -3 0 2 1 1 0 0 0/0 15:28 4:27 0:00
Lawrence Pilut 1 0 1 1 2 1 1 2 0 0 0/0 9:47 0:45 0:50
Matt Luff 1 0 1 -1 0 1 0 0 0 0 0/0 17:00 4:25 0:00
Radel Fazleev 0 1 1 1 0 1 0 0 0 0 2/3 7:29 0:03 0:00
Reece Willcox 0 0 0 0 2 0 1 2 0 5 0/0 28:37 5:14 5:00
Samuel Girard 0 1 1 1 2 1 1 0 0 0 0/0 27:40 5:15 4:46
Shane Gersich 1 1 2 1 0 4 2 0 2 0 0/0 24:30 4:33 6:18
Tucker Poolman 0 0 0 -2 2 0 3 4 0 1 0/0 20:54 4:19 3:49
Ville Pokka 0 1 1 -2 0 0 0 2 0 2 0/0 23:47 4:19 6:14
Players Stats for Punishers
Player Name G A P +/- PIM S H SB GA TA FO MP PP MP PK MP
------------------------------------------------------------------------------------
Adam Ruzicka 0 0 0 0 0 3 1 0 0 0 1/4 10:52 0:00 1:37
Ben Betker 0 0 0 0 15 0 1 0 0 0 0/0 25:13 7:31 3:13
Ben Meyers 0 0 0 0 0 1 0 0 0 0 1/3 6:39 0:00 0:00
Braden Tracey 0 0 0 1 2 0 0 1 0 0 1/1 6:54 0:00 0:00
Carson Meyer 0 2 2 1 0 3 1 0 1 1 1/1 12:50 0:00 2:49
Daniel Audette 0 0 0 -2 0 1 0 1 2 0 8/12 18:38 5:23 2:49
Jack Ahcan 0 0 0 -3 0 0 0 1 0 0 0/0 9:49 0:00 2:22
Jesse Ylonen 0 0 0 0 0 3 0 0 2 0 0/0 6:39 0:00 0:00
Joel Kiviranta 1 0 1 0 0 2 1 0 1 0 0/0 11:10 0:00 1:55
Karson Kuhlman 1 2 3 2 0 3 3 1 0 1 15/26 23:27 5:47 4:51
Kole Lind 1 0 1 -1 0 4 3 1 0 0 1/3 15:58 5:23 0:00
Kurtis Gabriel 0 3 3 1 0 3 1 0 0 0 2/4 20:56 5:40 2:49
Lassi Thomson 0 0 0 0 0 0 0 0 0 0 0/0 3:12 0:00 0:00
Marcus Karlberg 0 0 0 0 0 0 0 0 0 0 0/0 0:48 0:16 0:00
Nicolas Beaudin 0 2 2 3 2 1 1 0 0 0 0/0 19:05 3:44 3:37
Niko Mikkola 0 1 1 3 0 0 1 0 0 2 0/0 21:34 3:45 3:48
Noah Juulsen 0 1 1 1 0 2 3 4 2 0 0/0 29:36 7:31 5:29
Oskar Lindblom 3 1 4 2 2 8 0 1 0 0 4/6 22:21 5:40 3:46
Rasmus Sandin 0 0 0 0 0 0 0 0 0 0 0/0 4:25 0:00 1:13
Ryan Suzuki 0 0 0 0 0 0 0 0 0 0 0/0 0:42 0:13 0:00
Urho Vaakanainen 0 0 0 -3 0 0 0 0 0 0 0/0 8:39 0:00 0:54
Warren Foegele 0 0 0 -2 0 2 1 1 1 0 0/0 14:15 5:26 0:00
3 Stars
1 - Oskar Lindblom (Pro)
2 - Karson Kuhlman (Pro)
3 - Kurtis Gabriel (Pro)
Power Play
Little Stars - 0 on 4 Attempt(s) - 0.00%
Punishers - 0 on 6 Attempt(s) - 0.00%
Penalty Kill
Little Stars - 6 on 6 Attempt(s) - 100.00%
- Score 1 goal in Penalty Kill
Punishers - 4 on 4 Attempt(s) - 100.00%
- Score 0 goal in Penalty Kill
Team Stat
Little Stars - Hits : 17 - Faceoff Wins : 26 - Blocked Shots : 13 - Penalty Minutes : 12
Punishers - Hits : 17 - Faceoff Wins : 34 - Blocked Shots : 11 - Penalty Minutes : 21
Official
Referees : Kendrick Nicholson and Graham Skilliter
Linesman : Tony Sericolo and Ryan Galloway
Game Notes
Oskar Lindblom has scored a Hat Trick!
Ben Betker (Pro) for Attempt to injure (Major / Game Misconduct) at 12:08
Ben Betker ejected from game at 12:08 of 3rd period
Finance
Level 1 -- Attendance: 1880 (94.00%) -- Ticket Income $131,600
Level 2 -- Attendance: 883 (88.30%) -- Ticket Income $35,320
Total Attendance: 2763 (92.10%)
Total Ticket Income: $166,920
Other Income: $8,346
Total Income: $175,266
Little Stars
5 vs 5 Forward
Center Left Wing Right Wing Time % Phy DF OF
1 Daniel O'regan Shane Gersich Matt Luff 40 1 2 2
2 Jason Dickinson Emile Poirier Justin Auger 30 1 2 2
3 Filip Chytil Jonathan Dahlen Cal Burke 20 1 2 2
4 Radel Fazleev Aidan Mcdonough Joey Anderson 10 1 2 2
5 vs 5 Defense
Defense Defense Time % Phy DF OF
1 Reece Willcox Samuel Girard 40 1 2 2
2 Tucker Poolman Ville Pokka 30 1 2 2
3 Connor Mackey Lawrence Pilut 20 1 2 2
4 Reece Willcox Samuel Girard 10 1 2 2
PowerPlay Forward
Center Left Wing Right Wing Time % Phy DF OF
1 Daniel O'regan Shane Gersich Matt Luff 60 1 2 2
2 Jason Dickinson Emile Poirier Justin Auger 40 1 2 2
PowerPlay Defense
Defense Defense Time % Phy DF OF
1 Reece Willcox Samuel Girard 60 1 2 2
2 Tucker Poolman Ville Pokka 40 1 2 2
Penalty Kill 4 Players Forward
Center Wing Time % Phy DF OF
1 Daniel O'regan Shane Gersich 60 1 2 2
2 Jason Dickinson Emile Poirier 40 1 2 2
Penalty Kill 4 Players Defense
Defense Defense Time % Phy DF OF
1 Reece Willcox Samuel Girard 60 1 2 2
2 Tucker Poolman Ville Pokka 40 1 2 2
Penalty Kill - 3 Players Forward
Forward Time % Phy DF OF
1 Daniel O'regan 60 1 2 2
2 Jason Dickinson 40 1 2 2
Penalty Kill - 3 Players Defense
Defense Defense Time % Phy DF OF
1 Reece Willcox Samuel Girard 60 1 2 2
2 Tucker Poolman Ville Pokka 40 1 2 2
4 vs 4 Forward
Center Wing Time % Phy DF OF
1 Daniel O'regan Shane Gersich 60 1 2 2
2 Jason Dickinson Emile Poirier 40 1 2 2
4 vs 4 Defense
Defense Defense Time % Phy DF OF
1 Reece Willcox Samuel Girard 60 1 2 2
2 Tucker Poolman Ville Pokka 40 1 2 2
Last Minutes Offensive
Center Left Wing Right Wing Defense Defense
Daniel O'regan Shane Gersich Matt Luff Reece Willcox Samuel Girard
Last Minutes Defensive
Center Left Wing Right Wing Defense Defense
Daniel O'regan Shane Gersich Matt Luff Reece Willcox Samuel Girard
Goaltenders
Starting : Ilya Konovalov
Backup : Danil Tarasov
Extra Forwards
Normal : Emile Poirier, Justin Auger, Filip Chytil - PP : Emile Poirier, Justin Auger - PK : Emile Poirier
Extra Defensemen
Normal : Ville Pokka, Connor Mackey, Lawrence Pilut - PP : Ville Pokka - PK : Ville Pokka, Connor Mackey
Penalty Shots
Daniel O'regan, Matt Luff, Shane Gersich, Jason Dickinson, Emile Poirier
Custom OT Lines Forwards
Daniel O'regan, Matt Luff, Shane Gersich, Jason Dickinson, Emile Poirier, Justin Auger, Filip Chytil, Radel Fazleev, Jonathan Dahlen, Aidan Mcdonough
Custom OT Lines Defensemen
Reece Willcox, Samuel Girard, Tucker Poolman, Ville Pokka, Connor Mackey
Scratches
Jack McBain (Healthy), Ilya Mikheyev (Healthy), Jean-Christophe Beaudin (Healthy), Rudolfs Balcers (Healthy), Yakov Trenin (Healthy)
Givani Smith (Healthy), Blade Jenkins (Healthy), Bulat Shafigullin (Healthy), Victor Soderstrom (Healthy), Rhett Pitlick (Healthy)
Michael Giugovaz (Healthy)
Punishers
5 vs 5 Forward
Center Left Wing Right Wing Time % Phy DF OF
1 Karson Kuhlman Oskar Lindblom Kurtis Gabriel 40 1 2 2
2 Daniel Audette Warren Foegele Kole Lind 30 1 2 2
3 Adam Ruzicka Joel Kiviranta Carson Meyer 20 1 2 2
4 Ben Meyers Braden Tracey Jesse Ylonen 10 1 2 2
5 vs 5 Defense
Defense Defense Time % Phy DF OF
1 Noah Juulsen Ben Betker 40 1 2 2
2 Niko Mikkola Nicolas Beaudin 30 1 2 2
3 Urho Vaakanainen Jack Ahcan 20 1 2 2
4 Rasmus Sandin Lassi Thomson 10 1 2 2
PowerPlay Forward
Center Left Wing Right Wing Time % Phy DF OF
1 Karson Kuhlman Oskar Lindblom Kurtis Gabriel 60 1 2 2
2 Daniel Audette Warren Foegele Kole Lind 40 1 2 2
PowerPlay Defense
Defense Defense Time % Phy DF OF
1 Noah Juulsen Ben Betker 60 1 2 2
2 Niko Mikkola Nicolas Beaudin 40 1 2 2
Penalty Kill 4 Players Forward
Center Wing Time % Phy DF OF
1 Oskar Lindblom Karson Kuhlman 60 1 2 2
2 Kurtis Gabriel Daniel Audette 40 1 2 2
Penalty Kill 4 Players Defense
Defense Defense Time % Phy DF OF
1 Noah Juulsen Ben Betker 60 1 2 2
2 Niko Mikkola Nicolas Beaudin 40 1 2 2
Penalty Kill - 3 Players Forward
Forward Time % Phy DF OF
1 Oskar Lindblom 60 1 2 2
2 Karson Kuhlman 40 1 2 2
Penalty Kill - 3 Players Defense
Defense Defense Time % Phy DF OF
1 Noah Juulsen Ben Betker 60 1 2 2
2 Niko Mikkola Nicolas Beaudin 40 1 2 2
4 vs 4 Forward
Center Wing Time % Phy DF OF
1 Oskar Lindblom Karson Kuhlman 60 1 2 2
2 Kurtis Gabriel Daniel Audette 40 1 2 2
4 vs 4 Defense
Defense Defense Time % Phy DF OF
1 Noah Juulsen Ben Betker 60 1 2 2
2 Niko Mikkola Nicolas Beaudin 40 1 2 2
Last Minutes Offensive
Center Left Wing Right Wing Defense Defense
Karson Kuhlman Oskar Lindblom Kurtis Gabriel Noah Juulsen Ben Betker
Last Minutes Defensive
Center Left Wing Right Wing Defense Defense
Karson Kuhlman Oskar Lindblom Kurtis Gabriel Noah Juulsen Ben Betker
Goaltenders
Starting : Cal Petersen
Backup : Antoine Bibeau
Extra Forwards
Normal : Marcus Karlberg, Ryan Suzuki, Carson Meyer - PP : Marcus Karlberg, Ryan Suzuki - PK : Carson Meyer
Extra Defensemen
Normal : Urho Vaakanainen, Jack Ahcan, Rasmus Sandin - PP : Urho Vaakanainen - PK : Jack Ahcan, Rasmus Sandin
Penalty Shots
Oskar Lindblom, Karson Kuhlman, Kurtis Gabriel, Daniel Audette, Kole Lind
Custom OT Lines Forwards
Oskar Lindblom, Karson Kuhlman, Kurtis Gabriel, Daniel Audette, Kole Lind, Carson Meyer, Warren Foegele, Adam Ruzicka, Joel Kiviranta, Jesse Ylonen
Custom OT Lines Defensemen
Noah Juulsen, Ben Betker, Niko Mikkola, Nicolas Beaudin, Urho Vaakanainen
Scratches
Jack LaFontaine (Healthy), Carter Gylander (Healthy)
% Time on Ice - Little Stars
Lines # - Real PCT - Wanted PCT - Time Play
Normal Forward
1 - 35% - 40% - 13:07
2 - 30% - 30% - 11:26
3 - 19% - 20% - 7:00
4 - 17% - 10% - 6:15
Normal Defense
1 - 42% - 40% - 15:52
2 - 34% - 30% - 12:42
3 - 21% - 20% - 8:07
4 - 3% - 10% - 1:07
PP Forward
1 - 57% - 60% - 5:51
2 - 43% - 40% - 4:27
PP Defense
1 - 58% - 60% - 5:59
2 - 42% - 40% - 4:19
PK Forward
1 - 73% - 60% - 8:11
2 - 27% - 40% - 3:05
PK Defense
1 - 58% - 60% - 6:33
2 - 42% - 40% - 4:43
PK3 Forward
1 - 0% - 60%
2 - 0% - 40%
PK3 Defense
1 - 0% - 60%
2 - 0% - 40%
44 Forward
1 - 100% - 60% - 0:38
2 - 0% - 40% - 0:00
44 Defense
1 - 100% - 60% - 0:38
2 - 0% - 40% - 0:00
Last Minute Offensive - 0:00
Last Minute Defensive - 0:00
Total
Forward - 60:00
Defense - 60:00
|
% Time on Ice - Punishers
Lines # - Real PCT - Wanted PCT - Time Play
Normal Forward
1 - 31% - 40% - 11:53
2 - 26% - 30% - 10:01
3 - 24% - 20% - 9:15
4 - 18% - 10% - 6:39
Normal Defense
1 - 44% - 40% - 16:41
2 - 31% - 30% - 11:44
3 - 16% - 20% - 6:11
4 - 8% - 10% - 3:12
PP Forward
1 - 52% - 60% - 5:50
2 - 48% - 40% - 5:26
PP Defense
1 - 67% - 60% - 7:31
2 - 33% - 40% - 3:45
PK Forward
1 - 73% - 60% - 7:29
2 - 27% - 40% - 2:49
PK Defense
1 - 63% - 60% - 6:32
2 - 37% - 40% - 3:46
PK3 Forward
1 - 0% - 60%
2 - 0% - 40%
PK3 Defense
1 - 0% - 60%
2 - 0% - 40%
44 Forward
1 - 100% - 60% - 0:38
2 - 0% - 40% - 0:00
44 Defense
1 - 39% - 60% - 0:15
2 - 61% - 40% - 0:23
Last Minute Offensive - 0:00
Last Minute Defensive - 0:00
Total
Forward - 60:00
Defense - 60:00
|
Play-by-Play
1st period
0:01 of 1st period - Daniel O'regan wins face-off versus Kurtis Gabriel in neutral zone.
0:10 of 1st period - Snap shot by Daniel O'regan.
0:10 of 1st period - Stopped by Cal Petersen without a rebound.
0:11 of 1st period - Kole Lind wins face-off versus Jason Dickinson in Punishers zone.
0:22 of 1st period - Slapshot by Emile Poirier.
0:22 of 1st period - Stopped by Cal Petersen without a rebound.
0:23 of 1st period - Filip Chytil wins face-off versus Adam Ruzicka in Punishers zone.
0:28 of 1st period - Snap shot by Jonathan Dahlen.
0:28 of 1st period - Shot Misses the Net.
0:30 of 1st period - Wrist shot by Cal Burke.
0:30 of 1st period - Goal by Cal Burke - Little Stars : 1 - Punishers : 0.
0:31 of 1st period - Radel Fazleev wins face-off versus Ben Meyers in neutral zone.
0:36 of 1st period - Snap shot by Reece Willcox.
0:36 of 1st period - Deflect By Radel Fazleev.
0:36 of 1st period - Shot Blocked by Braden Tracey.
0:36 of 1st period - Puck is out of play.
0:37 of 1st period - Radel Fazleev wins face-off versus Ben Meyers in Punishers zone.
0:42 of 1st period - Wrist shot by Aidan Mcdonough.
0:42 of 1st period - Stopped by Cal Petersen with a rebound.
1:08 of 1st period - Backhand shot by Kurtis Gabriel.
1:08 of 1st period - Stopped by Ilya Konovalov with a rebound.
1:10 of 1st period - Wrist shot by Karson Kuhlman.
1:10 of 1st period - Shot Misses the Net.
1:12 of 1st period - Snap shot by Kurtis Gabriel.
1:12 of 1st period - Shot Misses the Net.
1:37 of 1st period - Minor Penalty to Reece Willcox for Hooking.
1:38 of 1st period - Karson Kuhlman wins face-off versus Daniel O'regan in Little Stars zone.
2:29 of 1st period - Nicolas Beaudin is hit by Jason Dickinson and loses puck.
2:36 of 1st period - Snap shot by Jason Dickinson.
2:36 of 1st period - Stopped by Cal Petersen with a rebound.
2:38 of 1st period - Snap shot by Emile Poirier.
2:38 of 1st period - Stopped by Cal Petersen without a rebound.
2:39 of 1st period - Daniel O'regan wins face-off versus Daniel Audette in Punishers zone.
3:37 of 1st period - Penalty to Reece Willcox is over, Reece Willcox is back on ice.
3:52 of 1st period - Wrist shot by Jonathan Dahlen.
3:52 of 1st period - Stopped by Cal Petersen with a rebound.
4:49 of 1st period - Off-side.
4:50 of 1st period - Filip Chytil wins face-off versus Adam Ruzicka in neutral zone.
4:57 of 1st period - Snap shot by Adam Ruzicka.
4:57 of 1st period - Stopped by Ilya Konovalov without a rebound.
4:58 of 1st period - Daniel O'regan wins face-off versus Daniel Audette in Little Stars zone.
5:03 of 1st period - Snap shot by Shane Gersich.
5:03 of 1st period - Stopped by Cal Petersen without a rebound.
5:04 of 1st period - Daniel Audette wins face-off versus Daniel O'regan in Punishers zone.
5:29 of 1st period - Ville Pokka is hit by Carson Meyer and loses puck.
6:59 of 1st period - Snap shot by Adam Ruzicka.
6:59 of 1st period - Stopped by Ilya Konovalov without a rebound.
7:00 of 1st period - Daniel O'regan wins face-off versus Karson Kuhlman in Little Stars zone.
7:05 of 1st period - Reece Willcox is hit by Karson Kuhlman.
7:44 of 1st period - Snap shot by Jonathan Dahlen.
7:44 of 1st period - Stopped by Cal Petersen with a rebound.
8:24 of 1st period - Aidan Mcdonough is hit by Noah Juulsen and loses puck.
9:13 of 1st period - Wrist shot by Carson Meyer.
9:13 of 1st period - Stopped by Ilya Konovalov without a rebound.
9:14 of 1st period - Daniel O'regan wins face-off versus Karson Kuhlman in Little Stars zone.
9:14 of 1st period - Daniel O'regan is hit by Noah Juulsen.
9:46 of 1st period - Daniel Audette is hit by Emile Poirier and loses puck.
10:46 of 1st period - Snap shot by Oskar Lindblom.
10:46 of 1st period - Shot Misses the Net.
10:48 of 1st period - Slapshot by Jack Ahcan.
10:48 of 1st period - Shot Blocked by Tucker Poolman.
10:50 of 1st period - Wrist shot by Oskar Lindblom.
10:50 of 1st period - Stopped by Ilya Konovalov with a rebound.
10:52 of 1st period - Snap shot by Urho Vaakanainen.
10:52 of 1st period - Deflect By Karson Kuhlman.
10:52 of 1st period - Shot Blocked by Tucker Poolman.
10:52 of 1st period - Puck is out of play.
10:53 of 1st period - Karson Kuhlman wins face-off versus Daniel O'regan in Little Stars zone.
10:54 of 1st period - Snap shot by Kurtis Gabriel.
10:54 of 1st period - Stopped by Ilya Konovalov with a rebound.
10:58 of 1st period - Snap shot by Oskar Lindblom.
10:58 of 1st period - Stopped by Ilya Konovalov with a rebound.
11:00 of 1st period - Snap shot by Karson Kuhlman.
11:00 of 1st period - Shot Blocked by Lawrence Pilut.
11:02 of 1st period - Snap shot by Oskar Lindblom.
11:02 of 1st period - Goal by Oskar Lindblom - Little Stars : 1 - Punishers : 1.
11:03 of 1st period - Karson Kuhlman wins face-off versus Daniel O'regan in neutral zone.
11:06 of 1st period - Matt Luff is hit by Karson Kuhlman and loses puck.
11:15 of 1st period - Kurtis Gabriel is hit by Daniel O'regan and loses puck.
11:35 of 1st period - Snap shot by Jason Dickinson.
11:35 of 1st period - Stopped by Cal Petersen with a rebound.
11:37 of 1st period - Snap shot by Reece Willcox.
11:37 of 1st period - Shot Blocked by Warren Foegele.
12:54 of 1st period - Justin Auger is hit by Kole Lind.
13:24 of 1st period - Icing by Nicolas Beaudin.
13:25 of 1st period - Braden Tracey wins face-off versus Daniel O'regan in Punishers zone.
13:31 of 1st period - Minor Penalty to Braden Tracey for Boarding.
13:32 of 1st period - Daniel O'regan wins face-off versus Oskar Lindblom in Punishers zone.
13:47 of 1st period - Wrist shot by Matt Luff.
13:47 of 1st period - Deflect By Shane Gersich.
13:47 of 1st period - Shot Blocked by Noah Juulsen.
13:47 of 1st period - Puck is out of play.
13:48 of 1st period - Oskar Lindblom wins face-off versus Daniel O'regan in Punishers zone.
15:31 of 1st period - Penalty to Braden Tracey is over, Braden Tracey is back on ice.
15:40 of 1st period - Snap shot by Karson Kuhlman.
15:40 of 1st period - Stopped by Ilya Konovalov with a rebound.
15:42 of 1st period - Slapshot by Niko Mikkola.
15:42 of 1st period - Shot Misses the Net.
15:44 of 1st period - Backhand shot by Oskar Lindblom.
15:44 of 1st period - Stopped by Ilya Konovalov with a rebound.
15:46 of 1st period - Snap shot by Karson Kuhlman.
15:46 of 1st period - Goal by Karson Kuhlman - Little Stars : 1 - Punishers : 2.
15:47 of 1st period - Daniel O'regan wins face-off versus Daniel Audette in neutral zone.
15:50 of 1st period - Wrist shot by Shane Gersich.
15:50 of 1st period - Deflect By Daniel O'regan.
15:50 of 1st period - Shot Hit the Post.
15:50 of 1st period - Puck is out of play.
15:51 of 1st period - Daniel O'regan wins face-off versus Daniel Audette in Punishers zone.
16:02 of 1st period - Slapshot by Samuel Girard.
16:02 of 1st period - Shot Blocked by Noah Juulsen.
16:29 of 1st period - Minor Penalty to Oskar Lindblom for Roughing.
16:30 of 1st period - Carson Meyer wins face-off versus Daniel O'regan in Punishers zone.
16:50 of 1st period - Ben Betker is hit by Shane Gersich and loses puck.
17:05 of 1st period - Snap shot by Justin Auger.
17:05 of 1st period - Stopped by Cal Petersen without a rebound.
17:06 of 1st period - Jason Dickinson wins face-off versus Adam Ruzicka in Punishers zone.
17:17 of 1st period - Snap shot by Jason Dickinson.
17:17 of 1st period - Stopped by Cal Petersen with a rebound.
17:19 of 1st period - Snap shot by Emile Poirier.
17:19 of 1st period - Shot Misses the Net.
17:21 of 1st period - Wrist shot by Jason Dickinson.
17:21 of 1st period - Stopped by Cal Petersen with a rebound.
18:09 of 1st period - Slapshot by Daniel Audette.
18:09 of 1st period - Shot Blocked by Reece Willcox.
18:11 of 1st period - Wrist shot by Niko Mikkola.
18:11 of 1st period - Shot Blocked by Reece Willcox.
18:19 of 1st period - Kurtis Gabriel is hit by Emile Poirier and loses puck.
18:29 of 1st period - Penalty to Oskar Lindblom is over, Oskar Lindblom is back on ice.
18:38 of 1st period - Slapshot by Jesse Ylonen.
18:38 of 1st period - Stopped by Ilya Konovalov with a rebound.
18:40 of 1st period - Snap shot by Ben Meyers.
18:40 of 1st period - Stopped by Ilya Konovalov with a rebound.
19:03 of 1st period - Backhand shot by Radel Fazleev.
19:03 of 1st period - Shot Blocked by Daniel Audette.
19:05 of 1st period - Slapshot by Lawrence Pilut.
19:05 of 1st period - Goal by Lawrence Pilut - Little Stars : 2 - Punishers : 2.
19:06 of 1st period - Karson Kuhlman wins face-off versus Daniel O'regan in neutral zone.
19:08 of 1st period - Off-side.
19:09 of 1st period - Karson Kuhlman wins face-off versus Daniel O'regan in neutral zone.
19:33 of 1st period - Ben Betker is hit by Samuel Girard and loses puck.
Goals for this period are 2 for Little Stars vs 2 for Punishers.
Shots for this period are 14 for Little Stars vs 13 for Punishers.
2nd period
0:01 of 2nd period - Daniel O'regan wins face-off versus Karson Kuhlman in neutral zone.
0:08 of 2nd period - Snap shot by Shane Gersich.
0:08 of 2nd period - Stopped by Cal Petersen with a rebound.
0:28 of 2nd period - Wrist shot by Jonathan Dahlen.
0:28 of 2nd period - Stopped by Cal Petersen without a rebound.
0:29 of 2nd period - Daniel Audette wins face-off versus Filip Chytil in Punishers zone.
0:29 of 2nd period - Daniel Audette is hit by Jonathan Dahlen.
2:19 of 2nd period - Matt Luff is hit by Karson Kuhlman and loses puck.
3:02 of 2nd period - Slapshot by Matt Luff.
3:02 of 2nd period - Goal by Matt Luff - Little Stars : 3 - Punishers : 2.
3:03 of 2nd period - Daniel Audette wins face-off versus Jason Dickinson in neutral zone.
3:06 of 2nd period - Slapshot by Noah Juulsen.
3:06 of 2nd period - Stopped by Ilya Konovalov without a rebound.
3:07 of 2nd period - Daniel Audette wins face-off versus Jason Dickinson in Little Stars zone.
3:08 of 2nd period - Slapshot by Kole Lind.
3:08 of 2nd period - Stopped by Ilya Konovalov without a rebound.
3:09 of 2nd period - Daniel Audette wins face-off versus Jason Dickinson in Little Stars zone.
3:20 of 2nd period - Slapshot by Daniel Audette.
3:20 of 2nd period - Shot Misses the Net.
3:22 of 2nd period - Snap shot by Kole Lind.
3:22 of 2nd period - Shot Blocked by Jason Dickinson.
4:17 of 2nd period - Ben Meyers is hit by Lawrence Pilut and loses puck.
4:26 of 2nd period - Slapshot by Nicolas Beaudin.
4:26 of 2nd period - Shot Blocked by Lawrence Pilut.
4:38 of 2nd period - Wrist shot by Daniel Audette.
4:38 of 2nd period - Stopped by Ilya Konovalov without a rebound.
4:39 of 2nd period - Daniel Audette wins face-off versus Daniel O'regan in Little Stars zone.
4:40 of 2nd period - Wrist shot by Kole Lind.
4:40 of 2nd period - Stopped by Ilya Konovalov with a rebound.
4:42 of 2nd period - Slapshot by Daniel Audette.
4:42 of 2nd period - Shot Misses the Net.
4:47 of 2nd period - Minor Penalty to Tucker Poolman for Hooking.
4:48 of 2nd period - Daniel O'regan wins face-off versus Kurtis Gabriel in Little Stars zone.
5:14 of 2nd period - Reece Willcox is hit by Kole Lind and loses puck.
6:47 of 2nd period - Penalty to Tucker Poolman is over, Tucker Poolman is back on ice.
6:47 of 2nd period - Wrist shot by Warren Foegele.
6:47 of 2nd period - Stopped by Ilya Konovalov with a rebound.
7:25 of 2nd period - Slapshot by Nicolas Beaudin.
7:25 of 2nd period - Stopped by Ilya Konovalov with a rebound.
7:39 of 2nd period - Jesse Ylonen is hit by Justin Auger and loses puck.
8:41 of 2nd period - Wrist shot by Jesse Ylonen.
8:41 of 2nd period - Stopped by Ilya Konovalov with a rebound.
9:16 of 2nd period - Kole Lind is hit by Emile Poirier and loses puck.
9:47 of 2nd period - Snap shot by Shane Gersich.
9:47 of 2nd period - Stopped by Cal Petersen without a rebound.
9:48 of 2nd period - Ben Meyers wins face-off versus Daniel O'regan in Punishers zone.
9:48 of 2nd period - Ben Meyers is hit by Shane Gersich.
10:14 of 2nd period - Connor Mackey is hit by Warren Foegele and loses puck.
10:39 of 2nd period - Kurtis Gabriel is hit by Tucker Poolman and loses puck.
10:44 of 2nd period - Wrist shot by Emile Poirier.
10:44 of 2nd period - Shot Blocked by Oskar Lindblom.
10:57 of 2nd period - Minor Penalty to Lawrence Pilut for Unsportsmanlike conduct.
10:58 of 2nd period - Karson Kuhlman wins face-off versus Daniel O'regan in Little Stars zone.
11:01 of 2nd period - Snap shot by Oskar Lindblom.
11:01 of 2nd period - Stopped by Ilya Konovalov without a rebound.
11:02 of 2nd period - Daniel O'regan wins face-off versus Karson Kuhlman in Little Stars zone.
11:21 of 2nd period - Reece Willcox is hit by Ben Betker and loses puck.
11:58 of 2nd period - Slapshot by Niko Mikkola.
11:58 of 2nd period - Shot Misses the Net.
12:57 of 2nd period - Penalty to Lawrence Pilut is over, Lawrence Pilut is back on ice.
13:54 of 2nd period - Off-side.
13:55 of 2nd period - Karson Kuhlman wins face-off versus Filip Chytil in neutral zone.
14:08 of 2nd period - Urho Vaakanainen is hit by Filip Chytil and loses puck.
14:39 of 2nd period - Wrist shot by Jason Dickinson.
14:39 of 2nd period - Shot Misses the Net.
14:47 of 2nd period - Wrist shot by Kole Lind.
14:47 of 2nd period - Stopped by Ilya Konovalov with a rebound.
14:49 of 2nd period - Wrist shot by Warren Foegele.
14:49 of 2nd period - Stopped by Ilya Konovalov with a rebound.
15:21 of 2nd period - Wrist shot by Kurtis Gabriel.
15:21 of 2nd period - Deflect By Oskar Lindblom.
15:21 of 2nd period - Goal by Oskar Lindblom - Little Stars : 3 - Punishers : 3.
15:22 of 2nd period - Daniel O'regan wins face-off versus Karson Kuhlman in neutral zone.
15:47 of 2nd period - Ben Betker is hit by Tucker Poolman and loses puck.
15:54 of 2nd period - Wrist shot by Justin Auger.
15:54 of 2nd period - Stopped by Cal Petersen without a rebound.
15:55 of 2nd period - Jason Dickinson wins face-off versus Karson Kuhlman in Punishers zone.
16:42 of 2nd period - Backhand shot by Jonathan Dahlen.
16:42 of 2nd period - Shot Blocked by Kole Lind.
16:58 of 2nd period - Minor Penalty to Jonathan Dahlen for High sticking.
16:59 of 2nd period - Karson Kuhlman wins face-off versus Daniel O'regan in Little Stars zone.
18:58 of 2nd period - Penalty to Jonathan Dahlen is over, Jonathan Dahlen is back on ice.
19:06 of 2nd period - Daniel O'regan is hit by Adam Ruzicka.
Goals for this period are 1 for Little Stars vs 1 for Punishers.
Shots for this period are 5 for Little Stars vs 11 for Punishers.
3rd period
0:01 of 3rd period - Karson Kuhlman wins face-off versus Daniel O'regan in neutral zone.
0:04 of 3rd period - Reece Willcox is hit by Kurtis Gabriel and loses puck.
0:45 of 3rd period - Wrist shot by Oskar Lindblom.
0:45 of 3rd period - Stopped by Ilya Konovalov with a rebound.
0:47 of 3rd period - Wrist shot by Karson Kuhlman.
0:47 of 3rd period - Stopped by Ilya Konovalov with a rebound.
0:49 of 3rd period - Snap shot by Oskar Lindblom.
0:49 of 3rd period - Shot Misses the Net.
0:51 of 3rd period - Snap shot by Oskar Lindblom.
0:51 of 3rd period - Goal by Oskar Lindblom - Little Stars : 3 - Punishers : 4.
0:52 of 3rd period - Daniel Audette wins face-off versus Daniel O'regan in neutral zone.
1:19 of 3rd period - Reece Willcox is hit by Nicolas Beaudin and loses puck.
1:26 of 3rd period - Snap shot by Carson Meyer.
1:26 of 3rd period - Stopped by Ilya Konovalov with a rebound.
1:28 of 3rd period - Snap shot by Joel Kiviranta.
1:28 of 3rd period - Stopped by Ilya Konovalov with a rebound.
1:30 of 3rd period - Snap shot by Carson Meyer.
1:30 of 3rd period - Shot Blocked by Justin Auger.
1:36 of 3rd period - Minor Penalty to Samuel Girard for Tripping.
1:37 of 3rd period - Daniel O'regan wins face-off versus Karson Kuhlman in Little Stars zone.
1:50 of 3rd period - Snap shot by Shane Gersich.
1:50 of 3rd period - Goal by Shane Gersich - Little Stars : 4 - Punishers : 4.
1:51 of 3rd period - Daniel O'regan wins face-off versus Karson Kuhlman in neutral zone.
2:00 of 3rd period - Snap shot by Reece Willcox.
2:00 of 3rd period - Deflect By Daniel O'regan.
2:00 of 3rd period - Stopped by Cal Petersen without a rebound.
2:01 of 3rd period - Karson Kuhlman wins face-off versus Daniel O'regan in Punishers zone.
2:06 of 3rd period - Slapshot by Noah Juulsen.
2:06 of 3rd period - Stopped by Ilya Konovalov without a rebound.
2:07 of 3rd period - Daniel O'regan wins face-off versus Karson Kuhlman in Little Stars zone.
2:18 of 3rd period - Slapshot by Ben Betker.
2:18 of 3rd period - Shot Misses the Net.
2:47 of 3rd period - Snap shot by Oskar Lindblom.
2:47 of 3rd period - Shot Misses the Net.
2:57 of 3rd period - Minor Penalty to Nicolas Beaudin for Slashing.
2:58 of 3rd period - Oskar Lindblom wins face-off versus Daniel O'regan in Punishers zone.
3:36 of 3rd period - Penalty to Samuel Girard is over, Samuel Girard is back on ice.
3:42 of 3rd period - Wrist shot by Jason Dickinson.
3:42 of 3rd period - Stopped by Cal Petersen without a rebound.
3:43 of 3rd period - Kurtis Gabriel wins face-off versus Jason Dickinson in Punishers zone.
3:54 of 3rd period - Wrist shot by Daniel Audette.
3:54 of 3rd period - Deflect By Kurtis Gabriel.
3:54 of 3rd period - Shot Blocked by Tucker Poolman.
3:54 of 3rd period - Puck is out of play.
3:55 of 3rd period - Daniel O'regan wins face-off versus Karson Kuhlman in Little Stars zone.
3:59 of 3rd period - Off-side.
4:00 of 3rd period - Oskar Lindblom wins face-off versus Daniel O'regan in neutral zone.
4:07 of 3rd period - Wrist shot by Daniel O'regan.
4:07 of 3rd period - Stopped by Cal Petersen with a rebound.
4:31 of 3rd period - Wrist shot by Samuel Girard.
4:31 of 3rd period - Stopped by Cal Petersen without a rebound.
4:32 of 3rd period - Kurtis Gabriel wins face-off versus Jason Dickinson in Punishers zone.
4:57 of 3rd period - Penalty to Nicolas Beaudin is over, Nicolas Beaudin is back on ice.
5:21 of 3rd period - Jonathan Dahlen is hit by Kole Lind and loses puck.
5:46 of 3rd period - Snap shot by Radel Fazleev.
5:46 of 3rd period - Stopped by Cal Petersen without a rebound.
5:47 of 3rd period - Karson Kuhlman wins face-off versus Radel Fazleev in Punishers zone.
6:00 of 3rd period - Wrist shot by Oskar Lindblom.
6:00 of 3rd period - Deflect By Kurtis Gabriel.
6:00 of 3rd period - Shot Blocked by Connor Mackey.
6:00 of 3rd period - Puck is out of play.
6:01 of 3rd period - Karson Kuhlman wins face-off versus Daniel O'regan in Little Stars zone.
6:44 of 3rd period - Minor Penalty to Jason Dickinson for High sticking.
6:45 of 3rd period - Karson Kuhlman wins face-off versus Daniel O'regan in Little Stars zone.
7:23 of 3rd period - Icing by Daniel Audette.
7:24 of 3rd period - Daniel Audette wins face-off versus Daniel O'regan in Punishers zone.
8:44 of 3rd period - Penalty to Jason Dickinson is over, Jason Dickinson is back on ice.
8:57 of 3rd period - Snap shot by Jesse Ylonen.
8:57 of 3rd period - Shot Misses the Net.
8:59 of 3rd period - Slapshot by Niko Mikkola.
8:59 of 3rd period - Shot Blocked by Ville Pokka.
9:05 of 3rd period - Snap shot by Jesse Ylonen.
9:05 of 3rd period - Stopped by Ilya Konovalov with a rebound.
9:39 of 3rd period - Filip Chytil is hit by Niko Mikkola and loses puck.
10:02 of 3rd period - Wrist shot by Adam Ruzicka.
10:02 of 3rd period - Stopped by Ilya Konovalov with a rebound.
10:04 of 3rd period - Backhand shot by Adam Ruzicka.
10:04 of 3rd period - Shot Misses the Net.
10:12 of 3rd period - Snap shot by Carson Meyer.
10:12 of 3rd period - Stopped by Ilya Konovalov with a rebound.
10:24 of 3rd period - Snap shot by Adam Ruzicka.
10:24 of 3rd period - Shot Misses the Net.
11:12 of 3rd period - Snap shot by Joel Kiviranta.
11:12 of 3rd period - Goal by Joel Kiviranta - Little Stars : 4 - Punishers : 5.
11:13 of 3rd period - Daniel O'regan wins face-off versus Karson Kuhlman in neutral zone.
11:16 of 3rd period - Slapshot by Samuel Girard.
11:16 of 3rd period - Deflect By Shane Gersich.
11:16 of 3rd period - Shot Blocked by Karson Kuhlman.
11:16 of 3rd period - Puck is out of play.
11:17 of 3rd period - Karson Kuhlman wins face-off versus Daniel O'regan in Punishers zone.
11:46 of 3rd period - Wrist shot by Jonathan Dahlen.
11:46 of 3rd period - Goal by Jonathan Dahlen - Little Stars : 5 - Punishers : 5.
11:47 of 3rd period - Karson Kuhlman wins face-off versus Daniel O'regan in neutral zone.
12:08 of 3rd period - Major / Game Misconduct Penalty to Ben Betker for Attempt to injure.
12:08 of 3rd period - Ben Betker is ejected from game.
12:09 of 3rd period - Daniel O'regan wins face-off versus Oskar Lindblom in Punishers zone.
12:14 of 3rd period - Slapshot by Shane Gersich.
12:14 of 3rd period - Shot Blocked by Jack Ahcan.
14:26 of 3rd period - Joel Kiviranta is hit by Tucker Poolman and loses puck.
15:33 of 3rd period - Niko Mikkola is hit by Daniel O'regan and loses puck.
16:36 of 3rd period - Cal Burke is hit by Joel Kiviranta and loses puck.
17:08 of 3rd period - Penalty to Ben Betker is over, Kole Lind is send on ice.
17:17 of 3rd period - Snap shot by Kurtis Gabriel.
17:17 of 3rd period - Stopped by Ilya Konovalov with a rebound.
17:39 of 3rd period - Wrist shot by Kurtis Gabriel.
17:39 of 3rd period - Shot Misses the Net.
17:41 of 3rd period - Backhand shot by Kole Lind.
17:41 of 3rd period - Shot Blocked by Ville Pokka.
18:12 of 3rd period - Slapshot by Kurtis Gabriel.
18:12 of 3rd period - Shot Hit the Post.
18:14 of 3rd period - Slapshot by Daniel Audette.
18:14 of 3rd period - Shot Misses the Net.
18:16 of 3rd period - Snap shot by Daniel Audette.
18:16 of 3rd period - Shot Misses the Net.
18:18 of 3rd period - Snap shot by Urho Vaakanainen.
18:18 of 3rd period - Deflect By Kurtis Gabriel.
18:18 of 3rd period - Shot Blocked by Tucker Poolman.
18:18 of 3rd period - Puck is out of play.
18:19 of 3rd period - Adam Ruzicka wins face-off versus Daniel O'regan in Little Stars zone.
19:07 of 3rd period - Matt Luff is hit by Noah Juulsen and loses puck.
Goals for this period are 2 for Little Stars vs 2 for Punishers.
Shots for this period are 7 for Little Stars vs 11 for Punishers.
Overtime #1
0:01 of 1st overtime period - Oskar Lindblom wins face-off versus Daniel O'regan in neutral zone.
0:26 of 1st overtime period - Kurtis Gabriel is hit by Reece Willcox.
1:18 of 1st overtime period - Slapshot by Samuel Girard.
1:18 of 1st overtime period - Shot Blocked by Noah Juulsen.
1:20 of 1st overtime period - Snap shot by Samuel Girard.
1:20 of 1st overtime period - Shot Hit the Post.
1:22 of 1st overtime period - Snap shot by Emile Poirier.
1:22 of 1st overtime period - Deflect By Carson Meyer.
1:22 of 1st overtime period - Shot Misses the Net.
1:22 of 1st overtime period - Puck is out of play.
1:23 of 1st overtime period - Daniel O'regan wins face-off versus Kole Lind in Punishers zone.
1:24 of 1st overtime period - Wrist shot by Matt Luff.
1:24 of 1st overtime period - Deflect By Daniel O'regan.
1:24 of 1st overtime period - Stopped by Cal Petersen without a rebound.
1:25 of 1st overtime period - Daniel O'regan wins face-off versus Kole Lind in Punishers zone.
1:26 of 1st overtime period - Snap shot by Matt Luff.
1:26 of 1st overtime period - Shot Blocked by Noah Juulsen.
1:34 of 1st overtime period - Snap shot by Kole Lind.
1:34 of 1st overtime period - Goal by Kole Lind - Little Stars : 5 - Punishers : 6.
Goals for this period are 0 for Little Stars vs 1 for Punishers.
Shots for this period are 1 for Little Stars vs 1 for Punishers.